 Dungeon Crawl Stone Soup version 0.16-a0-4072-gc5a8185 (console) character file.

132564 MarvinPA the Thaumaturge (level 16, -10/77 HPs)
             Began as a Spriggan Venom Mage on Feb 20, 2015.
             Was an Initiate of Gozag.
             Mangled by a black mamba (13 damage)
             ... on level 1 of the Snake Pit on Feb 21, 2015.
             The game lasted 02:56:01 (56448 turns).

MarvinPA the Thaumaturge (Spriggan Venom Mage)     Turns: 56448, Time: 02:56:02

Health: -10/77     AC:  9    Str:  6    XL:     16   Next: 57%
Magic:  39/39      EV: 24    Int: 23    God:    Gozag
Gold:   3705       SH:  0    Dex: 17    Spells: 9 memorised, 9 levels left

rFire  + . .     SeeInvis +     a - +5 demon whip (elec)
rCold  + . .     Clarity  +     M - +2 robe {rC+ rF+}
rNeg   . . .     SustAb   .     (shield restricted)
rPois  +         Gourm    .     z - +2 hat
rElec  .         Spirit   .     o - +2 cloak of the Thief {+Fog Slay-2 SInv Stlth+}
rCorr  .         Warding  .     (gloves unavailable)
rMut   .         Stasis   .     (boots unavailable)
MR     ++...                    w - amulet of clarity
Stlth  +++++.....               m - ring of Ysum {rPois Str+2}
                                g - ring of wizardry

@: lethally poisoned (-10 -> -20), constricted, repel missiles, very quick, very
resistant to hostile enchantments, quite stealthy
A: unfitting armour, see invisible, herbivore 3, speed 3, slow metabolism 2
a: Potion Petition, Call Merchant, Bribe Branch, Renounce Religion, Evoke Fog


You were on level 1 of the Snake Pit.
You worshipped Gozag.
Gozag was noncommittal.
You were not hungry.

You visited 5 branches of the dungeon, and saw 30 of its levels.
You visited the Abyss 1 time.
You also visited: Labyrinth, Ossuary, Ice Cave and Volcano.

You collected 12241 gold pieces.
You spent 6644 gold pieces at shops.
You paid 1892 gold pieces to Gozag.


Innate Abilities, Weirdness & Mutations

You are tiny and cannot use many weapons and most armour.
You have supernaturally acute eyesight.
You are a herbivore.
You cover ground extremely quickly.
You need consume almost no food.


   Skills:
 - Level 6.0 Fighting
 + Level 9.3 Maces & Flails
 - Level 8.4 Dodging
 - Level 5.7 Stealth
 - Level 14.8 Spellcasting
 - Level 11.0 Conjurations
 - Level 11.0 Charms
 - Level 0.3 Necromancy
 + Level 8.3 Air Magic
 - Level 13.6 Poison Magic
 - Level 8.5 Evocations


You had 9 spell levels left.
You knew the following spells:

 Your Spells              Type           Power        Failure   Level  Hunger
c - Lightning Bolt        Conj/Air       ######....   1%          5    ##.....
d - Repel Missiles        Chrm/Air       ######       1%          2    None
g - Regeneration          Chrm/Necr      #####.....   1%          3    None
h - Haste                 Chrm           ######..     3%          6    #####..
x - Iskenderun's Mystic   Conj           ######..     1%          4    None
z - Magic Dart            Conj           ####         1%          1    None
C - Spectral Weapon       Hex/Chrm       #####...     1%          3    None
V - Poisonous Cloud       Conj/Pois/Air  ######....   3%          6    #####..
X - Iskenderun's Battles  Conj/Chrm      ######..     1%          5    ##.....

Inventory:

Hand weapons
 a - a +5 demon whip of electrocution (weapon)
 s - a +0 blowgun
Missiles
 K - 5 throwing nets {=f}
Armour
 o - the +2 cloak of the Thief (worn) {+Fog Slay-2 SInv Stlth+}
   (You bought it in a shop on level 8 of the Dungeon)

   It affects your accuracy and damage with ranged weapons and melee attacks
   (-2).
   It enhances your eyesight.
   It can be evoked to emit clouds of fog.
   It makes you more stealthy.
 z - a +2 hat (worn)
 M - a +2 robe of resistance (worn)
Magical staves
 b - a staff of energy {!a}
 c - a staff of poison
Rods
 d - a +5 rod of inaccuracy (16/16) {!a}
   (You bought it in a shop on level 7 of the Dungeon)
Jewellery
 g - a ring of wizardry (left hand)
 l - the ring of Suatonitt {MP+9 Int+3 Dex+3}
   (You bought it in a shop on level 4 of the Orcish Mines)

   [ring of magical power]

   It affects your intelligence (+3).
   It affects your dexterity (+3).
   It affects your magic capacity (+9).
 m - the ring of Ysum (right hand) {rPois Str+2}
   (You bought it in a shop on level 4 of the Orcish Mines)

   [ring of poison resistance]

   It affects your strength (+2).
   It protects you from poison.
 t - a ring of protection from magic
 w - an amulet of clarity (around neck)
 B - an amulet of resist mutation
Magical devices
 j - a wand of fireball (6)
 n - a wand of disintegration (9)
 p - a wand of lightning (10)
 F - a wand of teleportation (7) {!d@v4}
Scrolls
 e - a scroll of summoning
 f - 4 scrolls of fog
 u - 5 scrolls of remove curse
 v - 3 scrolls of identify {@r1}
 C - 7 scrolls of magic mapping
 H - 10 scrolls of teleportation {@r4}
 L - 3 scrolls of fear
Potions
 h - 3 potions of heal wounds {@q2}
 i - 3 potions of might
 k - 8 potions of curing {@q1}
 q - 5 potions of cancellation
 r - 3 potions of haste {@q3}
 x - 4 potions of agility
 A - 4 potions of resistance
 G - 6 potions of brilliance
Miscellaneous
 I - a fan of gales (inert)
Comestibles
 D - 6 bread rations
 E - 9 fruits

Dungeon Overview and Level Annotations

Branches:
Dungeon (15/15)            Temple (1/1) D:5            Lair (8/8) D:9
  Swamp (0/5) Lair:5        Snake (2/5) Lair:3        Slime (0/6) Lair:7
    Orc (4/4) D:12            Elf (0/3) Orc:4        Vaults (0/5) D:14
 Depths (0/5) D:15

Altars:
Ashenzari
Cheibriados
Dithmenos
Elyvilon
Fedhas
Gozag
Kikubaaqudgha
Makhleb
Nemelex Xobeh
Okawaru
Qazlal
Ru
Sif Muna
Trog
Vehumet
Xom
Yredelemnul
Zin
The Shining One

Shops:
D:7 }   D:8 :([*%   Orc:2 [   Orc:4 =*[(

Annotations:
Lair:7 exclusion: 2 oklob plants

.........#
.#.......# #.
.#.....#.#
..#.####.###...#..
..........#..#
#....N...####
#...#.#.......
#..S>S.....#
#....#i#.....#
#....S.S...#.#
##...........#
......#.......#
###..∩#........
#....#.#..... #S.
..#.... .. ..#...
..#


You could see an anaconda, a naga ritualist, a mana viper (wandering) and 3
black mambas.


Message History

You are more poisoned.
The black mamba bites you but does no damage.
The anaconda completely misses you.
* * * LOW HITPOINT WARNING * * *
The anaconda constricts you. The black mamba closely misses you.
The black mamba barely misses you.
You closely miss the black mamba.
You feel sick.
* * * LOW HITPOINT WARNING * * *
The black mamba misses you. The anaconda bites you!
* * * LOW HITPOINT WARNING * * *
x2 The anaconda constricts you.
The black mamba completely misses you. The black mamba closely misses you.
The black mamba barely misses you. The anaconda bites you!
* * * LOW HITPOINT WARNING * * *
x2 The anaconda constricts you.
The black mamba closely misses you.
Unknown command.
Enter note: ugh Read which item? (? for menu, Esc to quit)
Blink to where?
Your attempt to break free from the anaconda fails, but you feel that another attempt might succeed.
As you read the scroll of blinking, it crumbles to dust.
* * * LOW HITPOINT WARNING * * *
You feel sick.
* * * LOW HITPOINT WARNING * * *
The black mamba misses you. x2
The anaconda misses you.
* * * LOW HITPOINT WARNING * * *
The anaconda constricts you. The black mamba bites you!
You die...
Your body crumbles into a pile of gold.

Action                   |  1- 3 |  4- 6 |  7- 9 | 10-12 | 13-15 | 16-18 || total
-------------------------+-------+-------+-------+-------+-------+-------++-------
Melee: Dagger            |     7 |    11 |       |    92 |   172 |       ||   282
       Whip              |       |    15 |   111 |   213 |       |       ||   339
       Staff             |       |       |       |    29 |   204 |       ||   233
       Demon whip        |       |       |       |       |   150 |    42 ||   192
 Cast: Sting             |    96 |   168 |   342 |   369 |   778 |     7 ||  1760
       Mephitic Cloud    |       |     2 |    21 |    13 |     2 |       ||    38
       Venom Bolt        |       |       |    10 |    50 |   206 |    32 ||   298
       Magic Dart        |       |       |       |    72 |   312 |    40 ||   424
       Iskenderun's Myst |       |       |       |   127 |   489 |   150 ||   766
       Iskenderun's Batt |       |       |       |    49 |   110 |    24 ||   183
       Poisonous Cloud   |       |       |       |       |    26 |     4 ||    30
       Regeneration      |       |       |       |       |     2 |     1 ||     3
       Haste             |       |       |       |       |     1 |       ||     1
       Repel Missiles    |       |       |       |       |     1 |     1 ||     2
       Lightning Bolt    |       |       |       |       |       |     6 ||     6
Invok: Potion Petition   |       |       |       |       |     3 |     2 ||     5
Evoke: Wand              |       |       |     6 |    14 |     2 |       ||    22
       Fan of gales (ine |       |       |       |       |       |     2 ||     2
  Use: Scroll            |     1 |    11 |    10 |    12 |    24 |     6 ||    64
       Potion            |       |       |     2 |     2 |       |     3 ||     7
 Stab: Sleeping          |       |       |     1 |    11 |       |       ||    12
       Distracted        |       |       |     1 |       |     3 |       ||     4
       Confused          |       |       |       |     2 |       |       ||     2
  Eat: Fruit             |     3 |       |     1 |    11 |    15 |     1 ||    31
       Bread ration      |       |       |     2 |     3 |     7 |       ||    12
       Pizza             |       |       |       |     1 |     1 |     1 ||     3
       Royal jelly       |       |       |       |       |       |     1 ||     1

Vault maps used:
D:1:      mrwooster_arrival_arrow
D:2:      nicolae_overflow_hidden_temple, first_bread
D:3:      nicolae_overflow_crystal_walls, grunt_temple_overflow_open,
          vehumet_altar_wand_db, uniq_grinder
D:4:      hangedman_feature_mirror, minmay_misc_feat_enclosed,
          kennysheep_flooded_box
D:5:      minmay_temple_entry_hall, zaba_anthole, kennysheep_generic_room_16
D:6:      lemuel_flame_loot_1, uniq_natasha
D:7:      serial_shops, shop, grunt_ogre_cave, lemuel_tele_altar
D:8:      nicolae_ossuary_entry_giza, serial_shops, shop, nicolae_shop_crystal,
          kennysheep_little_box, shop_coins, kennysheep_mini
D:9:      kiku_gazebo_garden_becter, erik_lair_orcish_takeover
D:10:     kennysheep_generic_room_14
D:11:     uniq_josephine, uniq_nergalle
D:12:     orc_0_dummy
D:13:     pond, uniq_nessos
D:14:     david_vaults_4, minivault_25, grunt_dithmenos_smoke_and_mirrors
D:15:     gammafunk_depths_entry_grave, minivault_14, basic_altar,
          minmay_crystal_water, lemuel_centaur_altar, uniq_louise
Temple:   circular_temple_13
Lair:1:   ldierk_geyser, minmay_lair_oklob_bushes, lemuel_fruit_fields
Lair:2:   baited_tele_trap, grunt_megastairs_3, infiniplex_staircase_pool
Lair:3:   minmay_snake_entry_six_corridors, serial_pond, minmay_pond_plants_ab,
          minmay_pond_plants_k, uniq_fannar
Lair:5:   swamp_mist, nicolae_volcano_entry_s_turn, st_stairs_10
Lair:6:   nicolae_quartered_pool_little, grunt_megastairs_1
Lair:7:   minmay_slime_entry_oklob_enclosed, forest_entry_grove,
          lemuel_fruit_fields, uniq_erica
Lair:8:   hangedman_lair_caniforms_friends, guppyfry_lair_end_dragon,
          serial_bayou_shore_a, uniq_snorg
Snake:1:  serial_shops, nicolae_shop_crystal, st_stairs_14, abandoned_shop,
          uniq_agnes, uniq_kirke
Orc:1:    portal_ice_cave_entry_imps, uniq_blork_the_orc, uniq_psyche
Orc:2:    serial_shops, shop, trog_hazing_becter, uniq_eustachio, uniq_harold
Orc:3:    nicolae_orc_pool_cavern, abandoned_shop, bloody_trog, uniq_gastronok
Orc:4:    st_orc_congregation, lab_entry_generic, guppyfry_library_mini
Lab:      labyrinth_watery, nicolae_lab_lava, nicolae_lab_quarters,
          nicolae_lab_blocks, nicolae_lab_big_swirl, nicolae_lab_diamond,
          labyrinth_skeletal_remains, lab_statue, nicolae_lab_checkerboard,
          nicolae_lab_very_dead_end
Ossuary:  ossuary_zaba_two_paths
IceCv:    ice_cave_small_demon
Volcano:  volcano_village

Notes
Turn   | Place    | Note
--------------------------------------------------------------
     0 | D:1      | MarvinPA, the Spriggan Venom Mage, began the quest for the Orb.
     0 | D:1      | Reached XP level 1. HP: 9/9 MP: 4/4
   272 | D:1      | Reached XP level 2. HP: 13/13 MP: 1/7
   309 | D:1      | Learned a level 2 spell: Cure Poison
   309 | D:1      | HP: 1/13 [poisoned by a goblin]
   314 | D:1      | wowwww
   813 | D:1      | Reached skill level 1 in Conjurations
  1431 | D:2      | Reached XP level 3. HP: 16/16 MP: 6/9
  1549 | D:2      | Reached skill level 3 in Spellcasting
  1771 | D:2      | Learned a level 3 spell: Mephitic Cloud
  2202 | D:2      | Reached XP level 4. HP: 21/21 MP: 10/14
  2353 | D:3      | Found a sacrificial altar of Ru.
  2353 | D:3      | Found a deep blue altar of Sif Muna.
  2468 | D:2      | Found a white marble altar of Elyvilon.
  2478 | D:3      | Reached skill level 5 in Poison Magic
  2505 | D:3      | Noticed Grinder
  2567 | D:4      | HP: 2/21 [iguana (14)]
  2937 | D:4      | Reached XP level 5. HP: 24/24 MP: 13/16
  2970 | D:4      | Reached skill level 2 in Conjurations
  3014 | D:4      | Noticed an ogre
  3435 | D:3      | Found a radiant altar of Vehumet.
  3647 | D:3      | Found a glowing golden altar of the Shining One.
  3890 | D:4      | Reached XP level 6. HP: 28/28 MP: 18/18
  4222 | D:4      | Killed an ogre
  4222 | D:4      | Reached skill level 3 in Conjurations
  4222 | D:4      | Reached skill level 6 in Poison Magic
  4690 | D:5      | Entered Level 5 of the Dungeon
  4871 | D:5      | Reached XP level 7. HP: 18/32 MP: 10/20
  5159 | D:5      | Reached skill level 4 in Conjurations
  5159 | D:5      | Reached skill level 7 in Poison Magic
  5554 | D:5      | Identified a scroll of acquirement
  5657 | D:5      | Reached XP level 8. HP: 36/36 MP: 22/22
  5741 | D:5      | Found a staircase to the Ecumenical Temple.
  5889 | D:5      | Reached skill level 5 in Conjurations
  5988 | Temple   | Entered the Ecumenical Temple
  6052 | Temple   | Learned a level 5 spell: Venom Bolt
  6052 | Temple   | Became a worshipper of Gozag Ym Sagoz the Greedy
  6054 | Temple   | Identified 4 potions of heal wounds {@q2} (duplicated by Gozag)
  6393 | D:5      | Reached skill level 8 in Poison Magic
  6507 | D:6      | Reached skill level 4 in Spellcasting
  6658 | D:6      | Reached skill level 5 in Spellcasting
  6983 | D:6      | Identified a potion of resistance
  7075 | D:6      | Reached skill level 6 in Spellcasting
  7075 | D:6      | Reached skill level 6 in Conjurations
  7349 | D:6      | Noticed Natasha
  7355 | D:6      | Killed Natasha
  7498 | D:6      | Reached XP level 9. HP: 39/39 MP: 22/27
  7983 | D:7      | Found Fosoix's Gadget Shoppe.
  8074 | D:7      | Reached skill level 7 in Spellcasting
  8699 | D:6      | Noticed Natasha
  8705 | D:6      | Killed Natasha
  8705 | D:6      | Reached skill level 8 in Spellcasting
  9084 | D:6      | Noticed Natasha
  9085 | D:6      | Killed Natasha
  9292 | D:7      | Reached skill level 7 in Conjurations
  9960 | D:7      | Found an ancient bone altar of Kikubaaqudgha.
 10196 | D:7      | Reached skill level 9 in Poison Magic
 10824 | D:3      | Killed Grinder
 10997 | D:5      | Reached XP level 10. HP: 29/44 MP: 29/29
 11166 | D:8      | Found Vimuity's Food Shoppe.
 11343 | D:8      | Found Sulom's General Store.
 11352 | D:8      | Bought a potion of heal wounds for 65 gold pieces
 11352 | D:8      | Bought a scroll of teleportation for 39 gold pieces
 11352 | D:8      | Bought a staff of poison for 325 gold pieces
 11352 | D:8      | Bought a scroll of identify for 26 gold pieces
 11544 | D:8      | Found Qozuhub's Book Shoppe.
 11638 | D:8      | Reached skill level 8 in Conjurations
 11786 | D:8      | Found a sand-covered staircase.
 11918 | Ossuary  | Entered an ossuary
 12887 | D:8      | Found Mneysm's Antique Armour Shop.
 12897 | D:8      | Found Bre Rebb's Weapon Emporium.
 12898 | D:8      | Bought a warped robe for 131 gold pieces
 12898 | D:8      | good shop
 12916 | D:8      | Identified the +2 robe of Twepral {rPois rF- Slay+3} (You bought it in a shop on level 8 of the Dungeon)
 12916 | D:8      | :(
 12951 | D:8      | Bought a book of Conjurations for 480 gold pieces
 12956 | D:8      | Learned a level 4 spell: Iskenderun's Mystic Blast
 12962 | D:8      | Learned a level 5 spell: Iskenderun's Battlesphere
 13174 | D:8      | Reached skill level 2 in Charms
 13513 | D:9      | Reached skill level 3 in Charms
 13655 | D:9      | Reached skill level 4 in Charms
 13816 | D:9      | Learned a level 1 spell: Magic Dart
 14123 | D:9      | Reached skill level 9 in Spellcasting
 14123 | D:9      | Reached skill level 5 in Charms
 14206 | D:9      | Found an ancient bone altar of Kikubaaqudgha.
 14448 | D:9      | Reached skill level 6 in Charms
 14714 | D:9      | Found a staircase to the Lair.
 14888 | D:9      | Reached skill level 7 in Charms
 15032 | D:9      | Reached skill level 10 in Spellcasting
 15188 | D:9      | Learned a level 1 spell: Sting
 15262 | Lair:1   | Entered Level 1 of the Lair of Beasts
 15406 | Lair:1   | Noticed a six-headed hydra
 15453 | Lair:1   | Killed a six-headed hydra
 15453 | Lair:1   | Reached XP level 11. HP: 47/47 MP: 14/32
 15795 | Lair:1   | Noticed an oklob plant
 15969 | Lair:1   | Reached skill level 11 in Spellcasting
 16424 | Lair:1   | Killed an oklob plant
 16541 | Lair:1   | Learned a level 3 spell: Regeneration
 16865 | Lair:2   | Reached skill level 9 in Conjurations
 17598 | Lair:2   | Reached skill level 4 in Dodging
 17598 | Lair:2   | Reached skill level 12 in Spellcasting
 17705 | Lair:2   | Reached skill level 5 in Dodging
 18262 | Lair:3   | Reached skill level 6 in Dodging
 18556 | Lair:3   | Reached skill level 7 in Dodging
 18659 | Lair:3   | Found a staircase to the Snake Pit.
 18975 | Lair:3   | Noticed Fannar
 18983 | Lair:3   | Reached XP level 12. HP: 46/51 MP: 27/35
 19013 | Lair:3   | Reached skill level 13 in Spellcasting
 19166 | Lair:3   | Killed Fannar
 19166 | Lair:3   | Reached skill level 1 in Fighting
 19166 | Lair:3   | Reached skill level 4 in Stealth
 19574 | Lair:3   | Reached skill level 5 in Stealth
 19698 | Lair:3   | Reached skill level 2 in Fighting
 20363 | Lair:4   | Reached skill level 1 in Air Magic
 20824 | Lair:4   | Reached skill level 3 in Fighting
 20837 | Lair:4   | Reached skill level 2 in Air Magic
 21354 | Lair:4   | Reached skill level 8 in Charms
 21463 | Lair:5   | Reached skill level 4 in Fighting
 21501 | Lair:5   | Found a staircase to the Swamp.
 21522 | Lair:5   | Noticed an eight-headed hydra
 21529 | Lair:5   | Killed an eight-headed hydra
 21705 | Lair:5   | Found a dark tunnel.
 21712 | Volcano  | Entered a volcano
 21730 | Volcano  | Reached skill level 9 in Charms
 22262 | Lair:5   | Reached skill level 10 in Charms
 22479 | Lair:5   | Reached skill level 10 in Poison Magic
 23054 | Lair:5   | Reached skill level 10 in Conjurations
 23063 | Lair:5   | Reached XP level 13. HP: 53/61 MP: 0/36
 23200 | Lair:5   | Reached skill level 1 in Evocations
 23364 | Lair:5   | Reached skill level 2 in Evocations
 23386 | Lair:5   | Reached skill level 3 in Evocations
 23579 | Lair:5   | Reached skill level 4 in Evocations
 24628 | D:8      | Bought a book of Enchantments for 800 gold pieces
 24628 | D:8      | Bought a book of Clouds for 720 gold pieces
 24635 | D:8      | Learned a level 6 spell: Haste
 24642 | D:8      | Learned a level 6 spell: Poisonous Cloud
 25254 | Lair:6   | Reached skill level 3 in Air Magic
 25813 | Lair:6   | Reached skill level 11 in Poison Magic
 26004 | Lair:6   | Reached skill level 4 in Air Magic
 26603 | Lair:7   | Noticed Erica
 26607 | Lair:7   | Killed Erica
 26964 | Lair:7   | Reached skill level 5 in Air Magic
 27943 | Lair:7   | Reached skill level 6 in Air Magic
 27961 | Lair:7   | Reached skill level 12 in Poison Magic
 28183 | Lair:7   | Reached XP level 14. HP: 64/67 MP: 3/37
 29048 | Lair:7   | Found a staircase to the Slime Pits.
 29082 | Lair:8   | Entered Level 8 of the Lair of Beasts
 29977 | Lair:8   | Reached skill level 7 in Air Magic
 30304 | Lair:8   | Noticed Snorg
 30448 | Lair:8   | Killed Snorg
 31021 | Lair:8   | Reached skill level 11 in Charms
 33324 | Lair:8   | Reached skill level 14 in Spellcasting
 33513 | Lair:8   | Reached skill level 13 in Poison Magic
 34477 | Lair:8   | Reached skill level 11 in Conjurations
 34833 | Lair:3   | Noticed a naga sharpshooter
 35125 | Lair:1   | Upgraded the game from 0.16-a0-4056-gee4db93 to 0.16-a0-4072-gc5a8185
 35143 | D:10     | Entered Level 10 of the Dungeon
 35379 | D:10     | Reached skill level 5 in Evocations
 35975 | D:10     | Noticed trelanon's ghost (powerful VSMo)
 35982 | D:10     | Killed trelanon's ghost
 36261 | D:8      | Bought the +2 cloak of the Thief {+Fog Slay-2 SInv Stlth+} for 1267 gold pieces
 36305 | D:7      | Bought a +3 rod of inaccuracy (13/13) for 1345 gold pieces
 36572 | D:11     | Reached skill level 6 in Evocations
 36967 | D:11     | Noticed Nergalle
 36973 | D:11     | Killed Nergalle
 37529 | D:11     | Noticed Josephine
 37529 | D:11     | Reached XP level 15. HP: 70/70 MP: 11/39
 37544 | D:11     | Killed Josephine
 37558 | D:11     | Reached skill level 7 in Evocations
 38866 | D:12     | hm
 38975 | D:12     | Got an ancient buckler
 38982 | D:12     | Identified the +0 buckler of Fimp {-Cast -Tele rN+ MR+ rCorr} (You acquired it on level 12 of the Dungeon)
 38982 | D:12     | amazing
 39158 | D:12     | Found a staircase to the Orcish Mines.
 39464 | Orc:1    | Entered Level 1 of the Orcish Mines
 39464 | Orc:1    | Noticed Blork the orc
 39705 | Orc:1    | Killed Blork the orc
 39824 | Orc:2    | Reached skill level 8 in Evocations
 39838 | Orc:2    | Noticed Eustachio
 39843 | Orc:2    | Killed Eustachio
 39997 | Orc:2    | Found Oqallous' Armour Shoppe.
 40016 | Orc:1    | Found a frozen archway.
 40032 | Orc:1    | Noticed Psyche
 40035 | IceCv    | Entered an ice cave
 41403 | IceCv    | Identified a +0 robe of resistance (You found it in an ice cave)
 41406 | IceCv    | good
 41418 | Orc:1    | Killed Psyche
 42449 | Orc:3    | Noticed Gastronok
 42461 | Orc:3    | Killed Gastronok
 42733 | Orc:2    | Noticed Harold
 42970 | Orc:4    | Entered Level 4 of the Orcish Mines
 43024 | Orc:4    | Found a labyrinth entrance.
 43051 | Lab      | Entered a labyrinth
 43499 | Lab      | Reached skill level 8 in Dodging
 43788 | Lab      | Reached skill level 5 in Fighting
 43833 | Lab      | Got an ancient glass ring
 43841 | Orc:4    | Identified a cursed +3 rod of the swarm (11/11) {!a} (You found it in a labyrinth)
 43850 | Orc:4    | Identified the cursed ring of Poutolio {AC-2 Int+2} (You found it in a labyrinth)
 44083 | Orc:3    | Found a bloodstained altar of Trog.
 44817 | Orc:4    | Found a staircase to the Elven Halls.
 44884 | Orc:4    | Reached skill level 1 in Maces & Flails
 45445 | Orc:4    | Reached skill level 2 in Maces & Flails
 46203 | Orc:4    | Reached skill level 6 in Fighting
 46423 | Orc:4    | Reached skill level 3 in Maces & Flails
 47078 | Orc:4    | Found Qouda's General Store.
 47080 | Orc:4    | Found Vulioc's Jewellery Shoppe.
 47081 | Orc:4    | Found Anwum's Antique Armour Shoppe.
 47081 | Orc:4    | Found Enoeqed's Antique Weapon Emporium.
 47096 | Orc:4    | Bought the ring of Suatonitt {MP+9 Int+3 Dex+3} for 633 gold pieces
 47154 | Orc:4    | Bought a scroll of identify for 22 gold pieces
 47629 | Orc:1    | Reached skill level 4 in Maces & Flails
 47704 | Orc:2    | Killed Harold
 47891 | Orc:2    | Found a bloodstained altar of Trog.
 48446 | Lair:1   | Learned a level 2 spell: Repel Missiles
 49057 | D:13     | Noticed Nessos
 49062 | D:13     | Killed Nessos
 49440 | D:14     | Reached skill level 5 in Maces & Flails
 50030 | D:14     | Found a shadowy altar of Dithmenos.
 50549 | D:14     | Found a gate to the Vaults.
 50633 | D:15     | Entered Level 15 of the Dungeon
 50637 | D:15     | Reached skill level 6 in Maces & Flails
 50835 | D:15     | Reached XP level 16. HP: 77/77 MP: 31/39
 51782 | D:14     | Reached skill level 7 in Maces & Flails
 51857 | D:15     | ow
 52627 | D:15     | Found an iron altar of Okawaru.
 52978 | D:15     | Found a staircase to the Depths.
 53268 | D:15     | Found a radiant altar of Vehumet.
 53457 | D:15     | Reached skill level 8 in Maces & Flails
 53819 | D:15     | Noticed Louise
 53822 | D:15     | Cast into the Abyss (Louise)
 53873 | D:15     | Escaped the Abyss
 53880 | D:15     | Killed Louise
 54521 | D:8      | Bought 6 fruits for 117 gold pieces
 54521 | D:8      | Bought a royal jelly for 26 gold pieces
 54521 | D:8      | Bought a bread ration for 65 gold pieces
 54521 | D:8      | Bought a bread ration for 65 gold pieces
 54521 | D:8      | Bought a slice of pizza for 19 gold pieces
 54750 | Orc:4    | Bought the ring of Ysum {rPois Str+2} for 499 gold pieces
 54980 | Snake:1  | Entered Level 1 of the Snake Pit
 54988 | Snake:1  | Noticed Kirke
 55020 | Snake:1  | Killed Kirke
 55186 | Snake:1  | Reached skill level 9 in Maces & Flails
 55342 | Lair:3   | Killed a naga sharpshooter
 55409 | Lair:1   | Learned a level 5 spell: Lightning Bolt
 55415 | Lair:1   | Learned a level 3 spell: Spectral Weapon
 55545 | Snake:1  | Reached skill level 8 in Air Magic
 56447 | Snake:1  | HP: 7/77 [anaconda (3)]
 56448 | Snake:1  | ugh
 56448 | Snake:1  | HP: 3/77 [anaconda (2)]
 56448 | Snake:1  | Mangled by a black mamba

Vanquished Creatures
  Kirke (Snake:1)
  An orc warlord (Orc:4)
  Louise (D:15)
  Gastronok (Orc:3)
  Snorg (Lair:8)
  An ettin (Orc:4)
  A fire dragon (Lair:8)
  A minotaur (Lab)
  Josephine (D:11)
  Fannar (Lair:3)
  5 hydras
  Harold (Orc:2)
  Nessos (D:13)
  Erica (Lair:7)
  3 centaur warriors
  An anaconda (Snake:1)
  6 death yaks
  The ghost of trelanon the Sluggish Vine, a powerful VSMo of Cheibriados (D:10)
  A naga sharpshooter (Lair:3)
  3 orc high priests (Orc:4)
  Nergalle (D:11)
  An ice devil (IceCv)
  2 skeletal warriors
  4 unseen horrors
  3 naga ritualists
  2 ice statues (IceCv)
  A flayed ghost (D:14)
  8 hill giants
  2 necromancers
  5 orc knights
  A frost giant zombie (D:15)
  A salamander (Snake:2)
  2 cyclopes
  16 ugly things
  4 orc sorcerers (Orc:4)
  A griffon (Lair:8)
  A stone giant skeleton (D:15)
  A gargoyle (D:10)
  A manticore (D:15)
  2 oklob plants
  28 elephants
  20 spiny frogs
  20 black mambas
  A dire elephant skeleton (D:15)
  3 torpor snails
  Psyche (Orc:1)
  14 komodo dragons
  4 fire drakes
  7 blue devils (IceCv)
  5 wandering mushrooms (Lab)
  2 two-headed ogres
  Grinder (D:3)
  12 polar bears
  A minotaur skeleton (Lab)
  2 raiju (Lair:8)
  9 trolls
  10 basilisks
  6 slime creatures
  A spriggan zombie (D:15)
  A harpy skeleton (D:15)
  9 blink frogs
  2 shadows
  2 spriggans (Lair:7)
  7 wraiths (D:11)
  45 yaks
  4 wyverns
  4 hogs
  7 vampire mosquitoes
  2 hungry ghosts
  A fire bat (Volcano)
  A water elemental (D:15)
  Eustachio (Orc:2)
  12 wargs
  3 mottled dragons
  A deep elf fighter (Volcano)
  10 hippogriffs
  4 steam dragons
  20 wolves
  3 nagas
  21 water moccasins
  4 hell hounds (Lair:8)
  3 phantoms
  10 porcupines
  9 ice beasts
  13 black bears
  2 swamp drakes (Lair:8)
  37 orc warriors
  3 sky beasts
  An eye of draining (D:12)
  20 ogres
  A necrophage (D:15)
  2 boring beetles
  A boring beetle (shapeshifter) (D:14)
  19 crocodiles
  19 centaurs
  Blork the orc (Orc:1)
  26 giant frogs
  2 big kobolds
  A brain worm (D:15)
  10 scorpions
  10 wights
  2 electric eels (Lair:8)
  25 killer bees
  8 crimson imps
  2 centaur zombies
  4 jellies
  2 giant frog zombies
  2 goliath beetles
  14 iguanas
  2 wasp zombies
  24 hounds
  A quasit (D:13)
  A giant frog skeleton (D:5)
  39 orc priests
  Natasha (thrice) (D:6)
  61 orc wizards
  21 worker ants
  4 sheep (Lair:2)
  6 big kobold zombies (Ossuary)
  2 hound zombies
  4 mummies
  10 gnolls
  3 hound skeletons
  A worker ant zombie (D:10)
  36 adders
  66 river rats
  2 giant mites (D:4)
  7 worms
  6 ufetubi (IceCv)
  18 white imps
  2 adder skeletons
  7 giant geckos
  2 oozes
  221 orcs
  4 spectral bats (Ossuary)
  14 bats
  3 giant cockroaches
  6 gnoll zombies (Ossuary)
  27 hobgoblins
  15 jackals
  11 quokkas
  A ball python (Lair:3)
  A bat simulacrum (Ossuary)
  2 giant newts
  2 giant spores
  29 goblins
  A goblin simulacrum (Ossuary)
  4 goblin zombies (Ossuary)
  6 hobgoblin zombies (Ossuary)
  2 jackal skeletons (D:4)
  A jackal zombie (D:6)
  25 kobolds
  2 kobold simulacra (Ossuary)
  6 kobold zombies
  4 orc zombies
  A quokka zombie (D:5)
  23 rats
  4 rat simulacra (Ossuary)
  5 spectral goblins (Ossuary)
  4 spectral kobolds (Ossuary)
  5 ballistomycetes
  A butterfly (Lair:7)
  2 plants
1412 creatures vanquished.

Vanquished Creatures (collateral kills)
  A black mamba (Lair:3)
  A slime creature (D:14)
2 creatures vanquished.

Vanquished Creatures (others)
  A deep elf fighter (Volcano)
  A water moccasin (D:6)
  An orc warrior (D:6)
  A giant frog (Lair:3)
  2 killer bees (D:10)
  A hound (Lair:8)
  A giant frog skeleton (D:6)
  A worker ant zombie (D:6)
  2 white imps (IceCv)
  3 ufetubi (IceCv)
  An orc (D:6)
  7 fungi
  10 plants
32 creatures vanquished.

Grand Total: 1446 creatures vanquished
